 Dungeon Crawl Stone Soup version 0.18.1-47-g9310371 (webtiles) character file.

96 Jersh the Stinger (level 4, -1/27 HPs)
             Began as an Octopode Venom Mage on June 13, 2016.
             Killed by divine providence
             ... invoked by an orc priest
              (11 damage)
             ... on level 3 of the Dungeon.
             The game lasted 00:11:23 (852 turns).

Jersh the Stinger (Octopode Venom Mage)              Turns: 852, Time: 00:11:24

Health: -1/27      AC:  1    Str:  7    XL:     4   Next: 67%
Magic:  6/7        EV: 12    Int: 18    God:
Gold:   64         SH:  0    Dex: 12    Spells: 1 memorised, 6 levels left

rFire  . . .     SeeInvis .     (no weapon)
rCold  . . .     Gourm    .     (no shield)
rNeg   . . .     Faith    .     (helmet restricted)
rPois  .         Spirit   .     (no amulet)
rElec  .         Dismiss  .     (no ring)
rCorr  .         Reflect  .     (no ring)
SustAt .         Harm     .     (no ring)
MR     .....                    (no ring)
Stlth  +++.......               (no ring)
                                (no ring)
                                (no ring)
                                (no ring)

@: not resistant to hostile enchantments, fairly stealthy
A: almost no armour, amphibious, 8 rings, constrict 8, camouflage 1, gelatinous
body 1
a: no special abilities


You were on level 3 of the Dungeon.
You were hungry.

You visited 1 branch of the dungeon, and saw 3 of its levels.

You collected 64 gold pieces.

Inventory:

Scrolls
 e - a scroll of magic mapping
Potions
 d - 2 potions of curing
Books
 a - a Young Poisoner's Handbook

   Spells                             Type                      Level
   a - Sting                          Conjuration/Poison           1
   b - Cure Poison                    Poison                       2
   c - Mephitic Cloud                 Conjuration/Poison/Air       3
   d - Olgreb's Toxic Radiance        Poison                       4
   e - Venom Bolt                     Conjuration/Poison           5
 g - a book of the Warp

   Spells                             Type                      Level
   a - Recall                         Summoning/Translocation      3
   b - Gell's Gravitas                Hexes/Translocation          3
   c - Force Lance                    Conjuration/Translocation    4
   d - Warp Weapon                    Charms/Translocation         5
   e - Summon Forest                  Summoning/Translocation      5
Comestibles
 b - 2 bread rations
 c - 3 meat rations
 f - a beef jerky


   Skills:
 + Level 0.4 Fighting
 + Level 2.6 Dodging
 + Level 3.1 Stealth
 + Level 0.6 Unarmed Combat
 + Level 2.2 Spellcasting
 + Level 0.6 Conjurations
 + Level 6.1 Poison Magic


You had 6 spell levels left.
You knew the following spells:

 Your Spells              Type           Power        Failure   Level  Hunger
a - Sting                 Conj/Pois      ##..         6%          1    #......


Dungeon Overview and Level Annotations

Branches:
Dungeon (3/15)

Altars:


Innate Abilities, Weirdness & Mutations

You cannot wear most types of armour.
You are amphibious.
You can wear up to eight rings at the same time.
You can use your tentacles to constrict eight enemies at once.
Your skin changes colour to match your surroundings (Stealth).
Your rubbery body absorbs attacks (AC +1).


Message History

Aiming: Sting
Press: ? - help, Shift-Dir - straight line, f - orc
Aim: an orc, wielding a hand axe of flaming The sting hits the orc.
The orc is lightly wounded.
You are feeling hungry.
Casting: Sting
Confirm with . or Enter, or press ? or * to list all spells.
Aiming: Sting
Press: ? - help, Shift-Dir - straight line, f/p - orc
Aim: an orc, wielding a hand axe of flaming (lightly wounded)
The sting hits the orc.
The orc is poisoned.
The orc is moderately wounded.
The orc barely misses you.
The orc looks more healthy.
Things that are here:
a club x2; a gnoll corpse The orc priest mumbles some strange prayers to Beogh against you.
Beogh smites you!
You die...

#...#####.....#
#####....#.......###
...........###.....
#......o.##..# ##....##oo.#†#
#....####...# #.o#.# #.o.#
#..#.# #...### #..#o# ##.#.@.#
#....###..###)# #o#..#.....##.##
#.. ##....#(###.....# #.#
###oo...#.# ###......#####.# ..
#.........# ##.###.....#.# #.#
#.........# #.....###...###.#
#..$....#.#### ##### ..........#
##.o....#....###########........


You could see an orc priest and 3 orcs.

Vanquished Creatures
  4 gnolls
  2 adders (D:2)
  An ooze (D:2)
  A dart slug (D:3)
  5 bats
  A giant cockroach (D:1)
  2 goblins
  4 hobgoblins
  3 jackals (D:2)
  2 quokkas
  7 kobolds
  3 rats
35 creatures vanquished.

Notes
Turn   | Place    | Note
--------------------------------------------------------------
     0 | D:1      | Jersh the Octopode Venom Mage began the quest for the Orb.
     0 | D:1      | Reached XP level 1. HP: 11/11 MP: 3/3
    41 | D:1      | Reached skill level 5 in Poison Magic
    92 | D:1      | Reached XP level 2. HP: 7/17 MP: 3/5
   223 | D:1      | Reached XP level 3. HP: 21/21 MP: 0/6
   476 | D:2      | Learned a level 2 spell: Cure Poison
   565 | D:2      | Reached XP level 4. HP: 18/27 MP: 5/7
   620 | D:3      | Reached skill level 6 in Poison Magic
   852 | D:3      | Killed from afar by an orc priest

Skill      XL: |  1  2  3  4 |
---------------+-------------+-----
Poison Magic   | 5 6 |  6.1
Stealth        | 3 |  3.1
Fighting       | |  0.4
Dodging        | |  2.6
Unarmed Combat | |  0.6
Spellcasting   | |  2.2
Conjurations   | |  0.6

Action                   |  1- 3 |  4- 6 || total
-------------------------+-------+-------++-------
Melee: Unarmed           |    33 |    16 ||    49
       Constrict         |     9 |     4 ||    13
       Tentacles         |     7 |     2 ||     9
 Cast: Sting             |    29 |    22 ||    51
       Cure Poison       |     1 |       ||     1
  Use: Scroll            |     7 |     1 ||     8
       Potion            |     3 |       ||     3
Armor: Skin              |     5 |     1 ||     6
Dodge: Dodged            |    21 |    16 ||    37
